 Dungeon Crawl Stone Soup version 0.19-a0-212-gd839b17 (webtiles) character file.

25 AlphabetPasta the Sneak (level 2, 0/13 HPs)
             Began as a Spriggan Summoner on May 24, 2016.
             Succumbed to an adder's poison
             ... on level 2 of the Dungeon.
             The game lasted 00:05:34 (1649 turns).

AlphabetPasta the Sneak (Spriggan Summoner)         Turns: 1649, Time: 00:05:35

Health: 0/13       AC:  2    Str:  8 (9)  XL:     2   Next: 82%
Magic:  6/6        EV: 18    Int: 16      God:
Gold:   36         SH:  0    Dex: 15 (16) Spells: 2 memorised, 3 levels left

rFire  . . .     SeeInvis +     e - -1 short sword (curse)
rCold  . . .     Gourm    .     a - +0 robe
rNeg   . . .     Faith    .     (shield restricted)
rPois  .         Spirit   .     (helmet restricted)
rElec  .         Dismiss  .     (no cloak)
rCorr  .         Reflect  .     (gloves unavailable)
SustAt +         Harm     .     (boots unavailable)
MR     .....                    (no amulet)
Stlth  +++.......               (no ring)
                                g - ring of sustain attributes

@: mighty, lethally poisoned (0 -> -12), very quick, not resistant to hostile
enchantments, fairly stealthy
A: unfitting armour, see invisible, herbivore 3, speed 3, slow metabolism 2
a: no special abilities


You were on level 2 of the Dungeon.
You were not hungry.

You visited 1 branch of the dungeon, and saw 2 of its levels.

You collected 36 gold pieces.

Inventory:

Hand Weapons
 e - a cursed -1 short sword (weapon)
 i - a +0 short sword
Armour
 a - a +0 robe (worn)
Jewellery
 g - a ring of sustain attributes (left hand)
Scrolls
 d - 5 scrolls of identify {unknown}
 f - 2 scrolls of teleportation {unknown}
 h - a scroll of remove curse {unknown}
 j - a scroll of recharging {unknown}
 k - a scroll of enchant armour {unknown}
Potions
 o - a potion of haste {unknown}
Books
 b - a book of Callings

   Spells                             Type                      Level
   a - Summon Small Mammal            Summoning                    1
   b - Call Imp                       Summoning                    2
   c - Call Canine Familiar           Summoning                    3
   d - Summon Guardian Golem          Hexes/Summoning              3
   e - Summon Lightning Spire         Summoning/Air                4
   f - Summon Ice Beast               Ice/Summoning                4
Comestibles
 c - a bread ration
 n - 2 slices of pizza


   Skills:
 + Level 1.0 Short Blades
 + Level 3.4 Dodging
 + Level 3.6 Stealth
 + Level 2.9 Spellcasting
 + Level 3.4 Summonings


You had 3 spell levels left.
You knew the following spells:

 Your Spells              Type           Power        Failure   Level  Hunger
a - Summon Small Mammal   Summ           ##..         6%          1    #......
b - Call Imp              Summ           ##......     10%         2    ##.....


Dungeon Overview and Level Annotations

Branches:
Dungeon (2/15)

Altars:


Innate Abilities, Weirdness & Mutations

You are tiny and cannot use many weapons and most armour.
You have supernaturally acute eyesight. (SInv)
You are a herbivore.
You cover ground extremely quickly.
You need consume almost no food.


Message History

The adder poisons you!
You miss the adder.
You feel sick. The adder closely misses you.
You closely miss the adder. The adder bites you.
You are lethally poisoned!
The adder poisons you!
You miss the adder.
You feel sick. The adder bites you.
* * * LOW HITPOINT WARNING * * *
The adder barely misses you.
Drink which item? (? for menu, Esc to quit)
It was a potion of might.
You feel very mighty all of a sudden.
* * * LOW HITPOINT WARNING * * *
You feel sick. The adder barely misses you.
Drink which item? (? for menu, Esc to quit)
It was a potion of degeneration.
There was something very wrong with that liquid.
You feel somewhat weakened.
You feel dopey for a moment.
You feel somewhat clumsy.
You die...

# #..# #
#..# #
#..#
####..#
5.....#
.g....#
##
#####g# #
.. #.#
#.#.###.#
.####g#
#....@S#
#...<.#
####.###
.######
#. #. #.
#. #. #.


You could see an adder.

Vanquished Creatures
  2 dart slugs (D:1)
  A giant gecko (D:1)
  3 giant cockroaches
  3 goblins (D:1)
  3 kobolds (D:1)
  A giant newt (D:1)
  A rat (D:1)
14 creatures vanquished.

Vanquished Creatures (collateral kills)
  2 bats (D:1)
  2 giant cockroaches
  2 hobgoblins (D:1)
6 creatures vanquished.

Grand Total: 20 creatures vanquished

Notes
Turn   | Place    | Note
--------------------------------------------------------------
     0 | D:1      | AlphabetPasta the Spriggan Summoner began the quest for the Orb.
     0 | D:1      | Reached XP level 1. HP: 9/9 MP: 5/5
   300 | D:1      | Reached XP level 2. HP: 13/13 MP: 4/6
   304 | D:1      | Learned a level 2 spell: Call Imp
  1268 | D:2      | Reached skill level 1 in Short Blades
  1649 | D:2      | Succumbed to an adder's poison

Vault maps used:
D:1:      minmay_arrival_four_houses, hex_tiny
D:2:      hangedman_ru_absence, uniq_crazy_yiuf_cottage

Skill      XL: |  1  2 |
---------------+-------+-----
Short Blades   | 1 |  1.0
Dodging        | |  3.4
Stealth        | |  3.6
Spellcasting   | |  2.9
Summonings     | |  3.4

Action                   || total
-------------------------++-------
Melee: Short sword       ||    85
 Cast: Summon Small Mamm ||    11
       Call Imp          ||     4
  Use: Potion            ||     2
 Stab: Sleeping          ||     1
Armor: Robe              ||     8
Dodge: Dodged            ||    80
